 Dungeon Crawl Stone Soup version 0.25.1-2-g60ff931df9 (webtiles) character file.

Game seed: 15702409059842076645

313 hawla the Slasher (level 6, -5/51 HPs)
             Began as a Minotaur Gladiator on Nov 4, 2020.
             Killed from afar by Dowan (20 damage)
             ... with a shard of ice
             ... on level 4 of the Dungeon on Nov 5, 2020.
             The game lasted 00:06:56 (2782 turns).

hawla the Slasher (Minotaur Gladiator)              Turns: 2782, Time: 00:06:57

Health: -5/51      AC:  4    Str: 21    XL:     6   Next: 19%
Magic:  5/5        EV: 14    Int:  5    God:
Gold:   159        SH:  0    Dex: 11    Spells: 5/5 levels left

rFire    . . .     SeeInvis .   a - +0 long sword
rCold    . . .     Gourm    .   (no shield)
rNeg     . . .     Faith    .   b - +0 leather armour
rPois    +         Spirit   .   c - +1 hat
rElec    .         Reflect  .   (no cloak)
rCorr    .         Harm     .   (no gloves)
MR       .....                  (no boots)
Stlth    +.........             (no amulet)
HPRegen  0.17/turn              i - ring of poison resistance
MPRegen  0.09/turn              u - +4 ring of slaying

@: glowing
A: retaliatory headbutt, horns 2
a: no special abilities


You were on level 4 of the Dungeon.
You were not hungry.

You visited 1 branch of the dungeon, and saw 4 of its levels.

You collected 159 gold pieces.

Inventory:

Hand Weapons
 a - a +0 long sword (weapon)
Missiles
 d - 3 throwing nets (quivered)
Armour
 b - a +0 leather armour (worn)
 c - a +1 hat (worn)
Jewellery
 i - a ring of poison resistance (left hand)
 j - an uncursed ring of ice
 u - a +4 ring of slaying (right hand)
Scrolls
 l - a scroll of remove curse
 o - a scroll of fear
Potions
 e - 2 potions of curing
 g - a potion of berserk rage
 k - a potion of ambrosia {unknown}
 m - a potion of might {unknown}
 n - a potion of degeneration {unknown}
 r - a potion of brilliance {unknown}
 s - a potion of lignification {unknown}
Comestibles
 f - 8 rations


   Skills:
 + Level 3.4 Fighting
 + Level 5.7 Long Blades
 + Level 2.0 Throwing
 + Level 2.9 Armour
 * Level 5.2 Dodging
 + Level 0.2 Stealth


You had 5 spell levels left.
You didn't know any spells.
Your spell library was empty.

Dungeon Overview and Level Annotations

Branches:
Dungeon (4/15)
 Temple: D:4-7

Altars:
Cheibriados
Makhleb
Okawaru

Annotations:
D:4 Dowan


Innate Abilities, Weirdness & Mutations

You reflexively headbutt those who attack you in melee.
You have a pair of horns on your head.


Message History

Dowan hits you but does no damage. Duvessa hits you with a +0 short sword.
Dowan hits you with a +0 dagger. Duvessa closely misses you.
You hit Duvessa but do no damage. You headbutt Duvessa.
Duvessa is almost dead.
Dowan mumbles some strange words.
Dowan blinks!
Duvessa hits you with a +0 short sword!
* * * LOW HITPOINT WARNING * * *
You slash Duvessa!
You kill Duvessa!
Dowan's eyes darken. "You have made a black mistake."
Dowan seems to find hidden reserves of power!
You have reached level 6!
Your experience leads to an increase in your attributes!
Increase (S)trength, (I)ntelligence, or (D)exterity?
You feel stronger.
You feel better.
Dowan says, "How can I live without her?"
Dowan gestures at you while chanting. The shard of ice hits you!!
You die...

. #...#.........# #.#
#.#...#......##.####.##
#.#...#......#........#
#####
#.....#......#.......##
#...#
###.....#......#..##..##
#<..+
.....)..#......#......#
#...#
###.#..........#......###
#...#
#......ยง##.........#....#
#...#
#.#.....@)....##.#.#..#.#
#...# #.##.#..#e....## #
#..#.# #...# ............#
#..#.# #####
###.##.#....## ...#.# #.
#.#..$... .#>##.# .
......?... ..#. #.# #.
...#.#####.# #. #.# .. ..


You could see Dowan (fast).

Vanquished Creatures
  Duvessa (D:4)
  An orc priest (D:3)
  An orc wizard (D:3)
  A gnoll (D:1)
  5 adders
  2 oozes
  3 worms (D:2)
  2 dart slugs (D:3)
  8 orcs (D:3)
  15 bats
  3 giant cockroaches
  10 goblins
  3 hobgoblins
  12 jackals
  4 kobolds
  3 frilled lizards
  6 rats
80 creatures vanquished.

Notes
Turn   | Place    | Note
-------+----------+-------------------------------------------
     0 | D:1      | hawla the Minotaur Gladiator began the quest for the Orb.
     0 | D:1      | Reached XP level 1. HP: 18/18 MP: 0/0
   302 | D:1      | Reached XP level 2. HP: 24/25 MP: 1/1
   380 | D:1      | Reached XP level 3. HP: 30/30 MP: 2/2
  1146 | D:2      | Found a burning altar of Makhleb.
  1146 | D:2      | Found an iron altar of Okawaru.
  1216 | D:2      | Reached skill level 1 in Armour
  1216 | D:2      | Reached XP level 4. HP: 34/37 MP: 3/3
  1646 | D:2      | Found a snail-covered altar of Cheibriados.
  1889 | D:3      | Reached XP level 5. HP: 42/44 MP: 4/4
  2007 | D:3      | Reached skill level 5 in Long Blades
  2007 | D:3      | Reached skill level 5 in Dodging
  2768 | D:4      | Noticed Duvessa
  2769 | D:4      | Noticed Dowan
  2781 | D:4      | Killed Duvessa
  2781 | D:4      | Reached XP level 6. HP: 6/51 MP: 5/5
  2782 | D:4      | Killed from afar by Dowan

Illustrated notes

Levels and vault maps discovered:
D:1:      tarquinn_simple_flora_water_c, layout_loops_ring
D:2:      layout_loops_ring, chequers_temple_overflow_statue_of_worship,
          first_ration, kennysheep_flooded_box, minmay_pentomino_r4
D:3:      layout_loops_ring
D:4:      layout_basic, uniq_duvessa

Skill      XL: |  1  2  3  4  5 |
---------------+----------------+-----
Dodging        | 4 5 |  5.2
Long Blades    | 4 5 |  5.7
Armour         | 1 2 |  2.9
Fighting       | 3 |  3.4
Throwing       | |  2.0
Stealth        | |  0.2

Action                   |  1- 3 |  4- 6 || total
-------------------------+-------+-------++-------
Melee: Long sword        |    70 |    89 ||   159
       Headbutt          |    10 |    20 ||    30
  Use: Scroll            |     1 |     6 ||     7
       Potion            |       |     1 ||     1
  Eat: Chunk             |     1 |     5 ||     6
Armor: Leather armour    |    24 |    20 ||    44
Dodge: Dodged            |    69 |    62 ||   131
       Rpst.: Long sword |    17 |    19 ||    36
